 Dungeon Crawl Stone Soup version 0.30-a0-972-gf3ab3527aa (webtiles) character file.

Game seed: 15978140937989714509

263 mopl the Insei (level 6, -2/63 HPs)
             Began as a Djinni Transmuter on Mar 31, 2023.
             Slain by a kobold
             ... wielding a +0 club
              (3 damage)
             ... on level 4 of the Dungeon.
             The game lasted 00:03:30 (2544 turns).

mopl the Insei (Djinni Transmuter)                  Turns: 2544, Time: 00:03:30

Health: -2/63      AC: 23    Str: 11    XL:     6   Next: 43%
Gold:   49         EV:  2    Int: 14    God:
                   SH:  0    Dex: 14

rFire   . . .      SeeInvis .      - Unarmed
rCold   . . .      Faith    .    (no shield)
rNeg    . . .      Spirit   .    a - melded +0 robe
rPois   ∞          Reflect  .    (helmet currently unavailable)
rElec   .          Rampage  .    (cloak currently unavailable)
rCorr   .          NoTele   +    (gloves currently unavailable)
Will    .....                    (boots unavailable)
Stlth   +                        (no amulet)
HPRegen 0.30/turn                (no ring)
MPRegen 0.00/turn                (no ring)

@: tree-form
A: stationary, stasis, torment immunity, boosted hp, sickness immunity, (fire
resistance 2), (cold vulnerability 1), float, innate caster, HP casting, extra
vitality 1
a: no special abilities


You were on level 4 of the Dungeon.
You were a tree.
You visited 1 branch of the dungeon, and saw 4 of its levels.

You collected 88 gold pieces.
You spent 39 gold pieces at shops.

Inventory:

Armour
 a - a +0 robe (melded)
 p - a +0 tower shield of fire resistance
 r - a +3 leather armour of positive energy
Jewellery
 q - a ring of protection from cold
Scrolls
 c - a scroll of acquirement {unknown}
 d - 7 scrolls of identify
 g - a scroll of enchant armour {unknown}
 h - a scroll of vulnerability {unknown}
 i - 2 scrolls of teleportation {unknown}
 k - a scroll of blinking {unknown}
 o - a scroll of torment {unknown}
Potions
 b - a potion of lignification {!q}
 e - 3 potions of mutation {unknown}
 f - 2 potions of heal wounds {unknown}
 j - 2 potions of degeneration {unknown}
 l - a potion of cancellation {unknown}
 m - 3 potions of curing {unknown}
 n - a potion of haste {unknown}


   Skills:
 - Level 1.0 Fighting
 - Level 2.1 Dodging
 * Level 5.7 Unarmed Combat
 + Level 3.0 Spellcasting


You knew the following spells:

 Your Spells              Type           Power      Damage    Failure   Level
a - Beastly Appendage     Tmut           20%        N/A       6%          1
b - Spider Form           Tmut/Pois      10%        N/A       19%         3
c - Sting                 Tmut/Pois      40%        1d5       6%          1
d - Ice Form              Ice/Tmut       10%        N/A       52%         4
e - Call Imp              Summ           10%        N/A       10%         2
w - Wereblood             Tmut           10%        N/A       10%         2
Your spell library was empty.

Dungeon Overview and Level Annotations

Branches:
Dungeon (4/15)
 Temple: D:4-7

Altars:
Ru

Shops:
D:3 ?

Annotations:
D:4 Natasha


Innate Abilities, Weirdness & Mutations

You are a tree.
Your roots penetrate the ground, keeping you stationary.
You cannot be teleported.
You are immune to unholy pain and torment.
Your maximum health is greatly increased.
Your equipment is partially melded.
You are immune to sickness and miasma.
You are immune to poison.
((Your flesh is very heat resistant. (rF++)))
((You are vulnerable to cold. (rC-)))
You float through the air rather than walking.
You learn spells naturally, not from books.
Your magical power is your life essence.
You have superior vitality. (+4 MHP)


Message History

The crimson imp hits you.
The goblin shouts!
Natasha stares at you and mumbles some strange words.
The magic dart hits you.
The goblin throws a datura-tipped dart.
The datura-tipped dart hits you.
You are unaffected.
The crimson imp blinks!
The kobold barely misses you. The kobold hits you with a +0 club.
Natasha claws you.
* * * LOW HITPOINT WARNING * * *
The white imp hits you.
* * * LOW HITPOINT WARNING * * *
The white imp freezes you.
You feel a terrible chill!
* * * LOW HITPOINT WARNING * * *
The crimson imp blinks!
Natasha closely misses you.
Unknown command.
Really quaff
b - 2 potions of lignification {!q}?
Really quaff the potion of lignification?
You turn into a tree.
Your +0 robe melds into your body.
Your roots penetrate the ground.
The kobold hits you but does no damage.
The goblin throws a datura-tipped dart.
The datura-tipped dart hits you.
You are unaffected.
Natasha claws you but does no damage. The kobold hits you but does no damage.
Natasha claws you but does no damage.
Unknown command.
You closely miss Natasha. Your punch misses Natasha.
Natasha is lightly wounded.
You feel yourself speed up. The kobold hits you but does no damage.
The goblin throws a datura-tipped dart.
The datura-tipped dart hits you.
You are unaffected.
Natasha claws you.
* * * LOW HITPOINT WARNING * * *
Unknown command.
You closely miss Natasha.
Natasha is lightly wounded.
The kobold hits you but does no damage. Natasha claws you but does no damage.
The goblin throws a datura-tipped dart.
The datura-tipped dart hits you!
You are unaffected.
Unknown command.
You closely miss Natasha.
Natasha is lightly wounded.
The kobold hits you with a +0 club.
You die...

....... ....?.....
####........#
...........##
#..........#
#........><#
#....gs....#
######.........#
##~~~~###.♣.....#
##~~~~~~###hK...##
......~~...5...###
......)~~...###....
...~~....~..# .###
..~..~~.[~..###.#
..~....~~...#...#
...~~⌠........#
....⌠~~....!.##


You could see a scorpion, Natasha, a white imp (summoned), a goblin and a
kobold.

Vanquished Creatures
  Duvessa (D:4)
  Dowan (D:4)
  A hound (D:4)
  An adder (D:3)
  An ufetubus (D:4)
  An orc (D:3)
  4 bats
  8 endoplasms
  2 giant cockroaches (D:1)
  7 goblins
  10 hobgoblins
  2 jackals (D:1)
  3 quokkas
  6 ball pythons
  3 frilled lizards
  6 kobolds
  3 rats
60 creatures vanquished.

Notes
Turn   | Place    | Note
-------+----------+-------------------------------------------
     0 | D:1      | mopl the Djinni Transmuter began the quest for the Orb.
     0 | D:1      | mopl set off with the following spells memorised: Beastly
                  | Appendage, Wereblood, Spider Form, Ice Form.
     0 | D:1      | Reached XP level 1. HP: 17/17 MP: 0/0
   115 | D:1      | Reached XP level 2. HP: 20/22 MP: 0/0
   558 | D:1      | Reached XP level 3. HP: 26/27 MP: 0/0
   558 | D:1      | Learned a level 1 spell: Sting
   633 | D:1      | Reached skill level 2 in Spellcasting
  1380 | D:2      | Reached skill level 4 in Unarmed Combat
  1456 | D:3      | Found Plog's Magic Scroll Shoppe.
  1463 | D:3      | Bought a scroll of identify for 26 gold pieces
  1463 | D:3      | Bought a scroll of noise for 13 gold pieces
  1475 | D:3      | Found a sacrificial altar of Ru.
  1744 | D:3      | Reached XP level 4. HP: 26/32 MP: 0/0
  1830 | D:3      | Found a faded altar of an unknown god.
  2178 | D:4      | Noticed a scorpion
  2278 | D:4      | Reached XP level 5. HP: 37/37 MP: 0/0
  2278 | D:4      | Learned a level 2 spell: Call Imp
  2351 | D:4      | Noticed Duvessa
  2362 | D:4      | Noticed Dowan
  2372 | D:4      | Killed Duvessa
  2373 | D:4      | Reached skill level 5 in Unarmed Combat
  2373 | D:4      | Reached XP level 6. HP: 20/42 MP: 0/0
  2382 | D:4      | Killed Dowan
  2383 | D:4      | Reached skill level 3 in Spellcasting
  2529 | D:4      | Noticed Natasha
  2542 | D:4      | HP: 1/63 [Natasha (6)]
  2544 | D:4      | Slain by a kobold

Illustrated notes

Levels and vault maps discovered:
D:1:      co_arrival_square_in_a_square_in_a_square, layout_basic
D:2:      minmay_door_path, layout_rooms, serial_rivers,
          chequers_serial_rivers_small_b, chequers_serial_rivers_small_a,
          chequers_serial_rivers_room_a, chequers_serial_rivers_small_b,
          chequers_serial_rivers_large_a, chequers_serial_rivers_large_b
D:3:      layout_rooms, nicolae_ru_awakened_eye, serial_shops, shop_statue,
          shapermc_ecumenical_altar_venn, st_stairs_13
D:4:      cheibrodos_helix_gallery, layout_rooms, trog_wizard,
          minmay_temple_entry_junction, serial_curves, eino_curves_02,
          eino_curves_03, minmay_misc_feat_roman, uniq_edmund, uniq_natasha,
          uniq_duvessa

Skill      XL: |  1  2  3  4  5  6 |
---------------+-------------------+-----
Spellcasting   | 2 3 |  3.0
Unarmed Combat | 4 5 |  5.7
Fighting       | |  1.0
Dodging        | |  2.1

Action                     |  1- 3 |  4- 6 || total
---------------------------+-------+-------++-------
  Melee: Unarmed           |   114 |    57 ||   171
         Headbutt          |    15 |     9 ||    24
         Punch             |     3 |     2 ||     5
   Cast: Beastly Appendage |    19 |    11 ||    30
         Wereblood         |     2 |       ||     2
         Spider Form       |       |     2 ||     2
    Use: Potion            |       |     1 ||     1
   Stab: Sleeping          |     1 |     2 ||     3
 Armour: Robe              |    21 |     5 ||    26
         Skin              |       |     7 ||     7
  Dodge: Dodged            |    68 |    47 ||   115

Table legend: (Time is in decaauts)
 A = Elapsed time spent in this place.
 B = Non-inter-level travel time spent in this place.
 C = Inter-level travel time spent in this place.
 D = Time resting spent in this place.
 E = Time spent auto-exploring this place.
 F = Levels seen in this place.
 G = Mean time per level.
                   A        B        C        D        E       F      G
               +--------+--------+--------+--------+--------+-----+--------+
         Total |   2538 |   2431 |    107 |    362 |   1629 |   4 |  634.5 |
       Dungeon |   2538 |   2431 |    107 |    362 |   1629 |   4 |  634.5 |
               +--------+--------+--------+--------+--------+-----+--------+

Top non-repeatable levels by time:
     D:1: 788 daAuts
     D:2: 763 daAuts
     D:3: 655 daAuts
     D:4: 331 daAuts
